Map: Acropolis LE

Players

puCK (Nina)

  • Race: Protoss Protoss
  • Spawn Location: 11:00

Harstem - Winner!

  • Race: Protoss Protoss
  • Spawn Location: 5:00

VOD

Have the link to the VOD?

Description

Time

  • Played on: Sept. 6, 2019, 5:47 p.m.
  • Length: 12:09
Show
View Real Time Build Order
Export as new Build Order

puCK Protoss 

Build Orders: Colossus Rush 

Get SALT Encoding   

  12  0:00  Probe  
  13  0:12  Probe  
  14  0:18  Pylon  
  14  0:25  Probe  
  15  0:33  Probe  
  15  0:38  Gateway  
  15  0:41  Probe  
  17  0:51  Probe, Assimilator  
  18  0:57  Assimilator  
  18  1:00  Probe  
  19  1:08  Probe  
  19  1:09  Gateway  
  19  1:18  Probe  
  21  1:25  Cybernetics Core  
  21  1:30  Probe  
  22  1:43  Probe  
  22  1:46  Pylon  
  23  2:03  Warp Gate  
  23  2:04  Stalker x2  
  27  2:10  Pylon, Probe  
  28  2:36  Stalker x2  
  32  2:42  Robotics Facility  
  32  2:51  Probe  
  33  3:04  Shield Battery  
  34  3:05  Probe  
  34  3:09  Stalker x2  
  38  3:17  Probe  
  38  3:45  Nexus  
  38  3:47  Pylon  
  33  3:54  Stalker  
  36  4:07  Stalker  
  37  4:14  Probe  
  36  4:22  Probe  
  36  4:30  Probe  
  37  4:36  Robotics Bay  
  38  4:42  Probe, Stalker  
  41  4:54  Probe  
  41  4:58  Probe  
  43  5:04  Sentry  
  43  5:06  Gateway, Probe  
  46  5:10  Probe  
  46  5:13  Warp Prism  
  47  5:25  Sentry  
  47  5:26  Probe  
  52  5:28  Probe  
  53  5:37  Gateway  
  53  5:39  Probe  
  53  5:41  Colossus  
  60  6:03  Pylon  
  60  6:05  Probe  
  60  6:09  Pylon  
  61  6:12  Probe  
  61  6:17  Pylon  
  61  6:18  Shield Battery  
  62  6:24  Sentry x2  
  67  6:25  Probe  
  67  6:26  Probe  
  68  6:37  Probe  
  68  6:38  Probe, Sentry  
  68  6:39  Zealot  
  74  6:49  Probe  
  74  6:50  Probe  
  76  6:56  Pylon  
  76  7:04  Stalker x2  
  76  7:05  Zealot, Stalker  
  76  7:06  Probe  
  85  7:08  Pylon  
  85  7:13  Probe  
  86  7:15  Pylon  
  86  7:29  Stalker x2  
  90  7:37  Stalker  
  82  7:45  Stalker  
  82  7:47  Warp Prism  
  82  7:51  Probe  
  75  7:56  Probe  
  70  7:59  Assimilator  
  70  8:01  Assimilator  
  70  8:03  Probe  
  71  8:09  Gateway x2  
  71  8:11  Gateway  
  71  8:14  Gateway, Probe  
  71  8:15  Sentry  
  71  8:19  Shield Battery  
  74  8:20  Stalker x2  
  74  8:22  Probe  
  74  8:26  Probe  
  80  8:32  Observer  
  81  8:42  Robotics Facility  
  81  8:51  Nexus  
  81  8:57  Disruptor  
  81  9:02  Pylon  
  84  9:09  Probe  
  85  9:10  Pylon, Probe  
  86  9:18  Sentry x3  
  86  9:21  Probe  
  86  9:22  Zealot x5  
  103  9:25  Probe  
  103  9:26  Colossus  
  110  9:41  Probe  
  111  9:46  Zealot  
  111  9:47  Warp Prism  
  111  9:49  Pylon  
  113  9:53  Pylon  
  113  9:57  Sentry x2  
  117  10:00  Probe  
  118  10:07  Twilight Council  
  118  10:10  Probe  
  118  10:13  Stalker  
  121  10:15  Stalker  
  121  10:18  Probe  
  123  10:32  Probe  
  123  10:33  Probe  
  121  10:48  Probe x2  
  121  10:49  Disruptor  
  121  10:50  Disruptor, Assimilator  
  121  10:51  Assimilator  
  121  10:54  Probe  
  128  10:58  Forge  
  128  11:00  Probe x2  
  130  11:04  Pylon  
  130  11:12  Stalker x4  
  138  11:22  Stalker x2  
  139  11:33  Disruptor  
  142  11:41  Pylon  
  142  11:45  Pylon  
  133  11:56  Zealot x6  
  101  12:01  Zealot x2  
Show
View Real Time Build Order
Export as new Build Order

Harstem Protoss - Winner!

Build Orders: Oracle Opening 

Get SALT Encoding   

  12  0:00  Probe  
  13  0:13  Probe  
  14  0:17  Pylon  
  14  0:24  Probe  
  15  0:32  Probe  
  15  0:37  Gateway  
  15  0:40  Probe  
  16  0:48  Assimilator  
  17  0:51  Probe  
  17  0:55  Assimilator  
  18  0:59  Probe  
  19  1:07  Gateway, Probe  
  19  1:17  Probe  
  21  1:26  Cybernetics Core  
  21  1:29  Probe  
  22  1:35  Pylon  
  22  1:41  Probe  
  22  1:43  Pylon  
  23  1:54  Probe  
  24  2:02  Adept x2  
  24  2:03  Warp Gate  
  28  2:12  Probe  
  29  2:16  Stargate  
  29  2:28  Pylon  
  29  2:34  Stalker  
  31  2:41  Stalker  
  32  2:51  Oracle  
  32  2:56  Probe  
  36  3:10  Shield Battery  
  36  3:20  Oracle  
  36  3:22  Shield Battery  
  35  3:41  Nexus  
  35  3:53  Robotics Facility  
  36  4:04  Stalker  
  36  4:05  Zealot  
  39  4:12  Probe  
  37  4:24  Probe  
  38  4:27  Stalker x2  
  42  4:36  Probe  
  42  4:37  Pylon  
  43  4:46  Observer  
  43  4:48  Probe  
  43  4:50  Sentry  
  43  4:51  Probe  
  47  4:59  Probe  
  48  5:00  Probe  
  50  5:09  Forge  
  50  5:10  Immortal, Probe  
  50  5:12  Probe  
  56  5:22  Probe  
  56  5:26  Probe  
  58  5:29  Observer  
  58  5:34  Probe  
  59  5:38  Probe  
  59  5:40  Pylon  
  60  5:46  Pylon, Probe  
  60  5:47  Immortal  
  61  5:50  Probe  
  61  5:56  Protoss Ground Weapons Level 1  
  66  6:02  Assimilator  
  67  6:07  Probe  
  67  6:11  Gateway  
  67  6:13  Phoenix  
  67  6:16  Gateway  
  69  6:21  Pylon  
  69  6:22  Probe  
  69  6:23  Zealot  
  72  6:26  Immortal  
  72  6:27  Probe  
  72  6:28  Shield Battery  
  77  6:41  Phoenix  
  79  6:48  Shield Battery, Probe  
  79  6:53  Probe  
  81  6:57  Phoenix  
  81  6:58  Pylon  
  81  7:06  Zealot  
  81  7:07  Zealot x2  
  89  7:13  Pylon  
  89  7:20  Immortal  
  93  7:26  Zealot  
  93  7:36  Zealot x3  
  83  7:44  Probe  
  83  7:50  Zealot  
  79  7:52  Observer  
  78  7:59  Immortal  
  78  8:01  Assimilator  
  78  8:02  Zealot x2, Sentry  
  86  8:06  Twilight Council  
  84  8:23  Charge  
  84  8:24  Nexus  
  84  8:25  Gateway x2  
  84  8:40  Gateway  
  81  8:45  Templar Archives  
  81  8:47  Gateway  
  81  8:50  Phoenix  
  81  8:54  Zealot x4  
  81  8:55  Protoss Ground Weapons Level 2  
  90  9:08  Pylon  
  90  9:17  Phoenix  
  92  9:29  Nexus  
  92  9:31  Warp Prism  
  92  9:32  Zealot, High Templar x2  
  92  9:38  Archon  
  98  9:39  Pylon  
  100  9:47  Probe  
  101  9:56  High Templar x2  
  101  9:57  Zealot x2  
  109  10:00  Archon  
  109  10:06  Zealot x2  
  113  10:23  Phoenix  
  113  10:27  Observer, Probe  
  113  10:28  Probe  
  118  10:30  Pylon  
  118  10:31  Zealot x3  
  118  10:48  High Templar x2  
  118  10:49  Zealot x3  
  122  10:50  Phoenix  
  122  10:52  Archon, Probe  
  122  10:54  Zealot  
  127  11:03  Zealot x2  
  131  11:15  Phoenix  
  133  11:24  Zealot x3, High Templar x2  
  133  11:25  Zealot x3  
  149  11:30  Archon  
  149  11:46  Pylon  
  147  11:49  Pylon  
  147  11:50  Pylon  
  117  12:01  Zealot x8  
Tags
 
Add a new tag
Caveats
  • Supply blocks, unpowered buildings, or Contaminate may cause inaccurate times.
  • Supply counts are checked every 10 seconds.